 Seeded DCSS version 0.30-a0-12-gd8047c6341 (webtiles) character file.

Game seed: 21 (custom seed)

10 fingers the Ruffian (level 2, 0/16 HPs)
             Began as a Vine Stalker Berserker on Aug 23, 2022.
             Was a Follower of Trog.
             Slain by a jackal (1 damage)
             ... on level 1 of the Dungeon.
             The game lasted 00:00:58 (344 turns).

fingers the Ruffian (Vine Stalker Berserker)         Turns: 344, Time: 00:00:59

Health: 0/16       AC:  2    Str: 19    XL:     2   Next: 20%
Magic:  0/3        EV: 12    Int:  7    God:    Trog [*.....]
Gold:   36         SH:  0    Dex: 13    Spells: 1/1 levels left

rFire   . . .      SeeInvis .    b - +0 whip
rCold   . . .      Faith    .    (no shield)
rNeg    . . .      Spirit   +    a - +0 animal skin
rPois   .          Reflect  .    (no helmet)
rElec   .          Harm     .    (no cloak)
rCorr   .          Rampage  .    (no gloves)
Will    .....                    (no boots)
Stlth   +.........               (no amulet)
HPRegen 0.05/turn                (no ring)
MPRegen 0.08/turn                (no ring)

@: no status effects
A: fangs 2, magic shield, antimagic bite, no potion heal 2
a: Renounce Religion, Berserk


You were on level 1 of the Dungeon.
You worshipped Trog.
Trog was aware of your devotion.
You visited 1 branch of the dungeon, and saw 1 of its levels.

You collected 36 gold pieces.

Inventory:

Hand Weapons
 b - a +0 whip (weapon)
Armour
 a - a +0 animal skin (worn)
Scrolls
 c - a scroll of blinking {unknown}


   Skills:
 * Level 2.8 Fighting
 * Level 0.5 Maces & Flails
 * Level 1.8 Armour
 * Level 1.7 Dodging
 - Level 3.0 Unarmed Combat


You had one spell level left.
You didn't know any spells.
Your spell library was empty.

Dungeon Overview and Level Annotations

Branches:
Dungeon (1/15)

Altars:


Innate Abilities, Weirdness & Mutations

You have extremely sharp teeth.
When hurt, damage is shared between your health and your magic reserves.
Your bite disrupts and absorbs the magic of your enemies.
Potions cannot restore your health.


Message History

You kill the ball python!
Trog accepts your kill.
You see here a hobgoblin corpse.
Found an escape hatch in the floor.
There is an escape hatch in the floor here.
You now have 36 gold pieces (gained 6).
c - a scroll labelled EDWEUS POF LAY A frilled lizard comes into view.
Found a dented bronze amulet.
The frilled lizard hisses angrily.
You hear a shout!
A goblin comes into view. It is wielding a +4 dagger.
You whack the frilled lizard!
You kill the frilled lizard!
Trog accepts your kill.
A kobold comes into view. It is wielding a +0 short sword.
Found 17 gold pieces.
The kobold shouts!
A jackal comes into view.
The goblin hits you with a +4 dagger.
A jackal comes into view.
You closely miss the goblin.
The jackal barks!
The goblin hits you with a +4 dagger.
The jackal barks!
You closely miss the goblin. Your bite misses the goblin.
The goblin hits you with a +4 dagger!
* * * LOW HITPOINT WARNING * * *
You hit the goblin. You bite the goblin.
You kill the goblin!
Trog accepts your kill.
The kobold hits you with a +0 short sword.
* * * LOW HITPOINT WARNING * * *
The kobold closely misses you. The jackal attacks as you move away!
The jackal bites you but does no damage.
A jackal comes into view.
The jackal closely misses you.
The jackal bites you but does no damage.
The jackal attacks as you move away! The jackal bites you.
You die...

###...# # ####...#.# #
########....###.#
#######......†.#### #.##
.........####### #..#
..######..## ##>#### #...#
#.....# #.....#
###...#####....######.....#
##..# #.....@h.##.....# #
.. ####.###hK......# # .
#..####......# .
#....#).....# #...######
##...# #...... #...h.....
#....."......


You could see 2 jackals and a kobold.

Vanquished Creatures
  A ball python (D:1)
  A giant cockroach (D:1)
  3 goblins (D:1)
  A hobgoblin (D:1)
  2 bats (D:1)
  A frilled lizard (D:1)
9 creatures vanquished.

Notes
Turn   | Place    | Note
-------+----------+-------------------------------------------
     0 | D:1      | fingers the Vine Stalker Berserker began the quest for the
                  | Orb.
     0 | D:1      | Reached XP level 1. HP: 11/11 MP: 2/2
   269 | D:1      | Reached XP level 2. HP: 16/16 MP: 3/3
   344 | D:1      | Slain by a jackal

Illustrated notes

Levels and vault maps discovered:
D:1:      mrwooster_arrival_arrow, layout_rooms

Action                   || total
-------------------------++-------
Melee: Unarmed           ||    19
       Whip              ||     7
       Bite              ||     4
Armor: Animal skin       ||    16
Dodge: Dodged            ||    29

Table legend: (Time is in decaauts)
 A = Elapsed time spent in this place.
 B = Non-inter-level travel time spent in this place.
 C = Inter-level travel time spent in this place.
 D = Time resting spent in this place.
 E = Time spent auto-exploring this place.
 F = Levels seen in this place.
 G = Mean time per level.
                   A        B        C        D        E       F      G
               +--------+--------+--------+--------+--------+-----+--------+
         Total |    343 |    343 |      0 |      0 |    244 |   1 |  343.0 |
       Dungeon |    343 |    343 |      0 |      0 |    244 |   1 |  343.0 |
               +--------+--------+--------+--------+--------+-----+--------+

Top non-repeatable levels by time:
     D:1: 343 daAuts
